 Dungeon Crawl Stone Soup version 0.27.0-1-g7a089689b8 (webtiles) character file.

Game seed: 7674692760972635436

292 ZARRMARR the Conjurer (level 6, 0/48 HPs)
             Began as a Draconian Conjurer on Aug 3, 2021.
             Was an Initiate of Makhleb.
             Slain by a gnoll sergeant (7 damage)
             ... on level 5 of the Dungeon.
             The game lasted 00:23:00 (7204 turns).

ZARRMARR the Conjurer (Draconian Conjurer)          Turns: 7204, Time: 00:23:01

Health: 0/48       AC: 10    Str:  9    XL:     6   Next: 10%
Magic:  10/10      EV: 12    Int: 20    God:    Makhleb [......]
Gold:   165        SH:  0    Dex: 10    Spells: 10/11 levels left

rFire    . . .     SeeInvis +   n - +2 falchion (freeze)
rCold    . . .     Faith    .   (no shield)
rNeg     . . .     Spirit   .   (armour unavailable)
rPois    .         Reflect  .   (helmet restricted)
rElec    .         Harm     .   d - +2 cloak
rCorr    .         Rampage  .   (no gloves)
Will     .....                  r - +0 pair of boots
Stlth    ++........             (no amulet)
HPRegen  0.16/turn              k - ring of see invisible
MPRegen  0.12/turn              (no ring)

@: no status effects
A: AC +6, unfitting armour, cold-blooded
a: Renounce Religion


You were on level 5 of the Dungeon.
You worshipped Makhleb.
Makhleb was noncommittal.
You visited 2 branches of the dungeon, and saw 6 of its levels.

You collected 165 gold pieces.

Inventory:

Hand Weapons
 n - a +2 falchion of freezing (weapon)
Missiles
 a - 109 stones (quivered)
Armour
 d - a +2 cloak (worn)
 r - a +0 pair of boots (worn)
Jewellery
 k - a ring of see invisible (left hand)
Wands
 i - a wand of iceblast (11)
Scrolls
 j - a scroll of vulnerability {unknown}
 m - a scroll of torment {unknown}
 o - 3 scrolls of fog
 q - a scroll of identify {unknown}
Potions
 b - a potion of degeneration {unknown}
 c - 2 potions of brilliance {unknown}
 e - a potion of invisibility {unknown}
 f - a potion of mutation {unknown}
 g - a potion of ambrosia {unknown}
 h - a potion of berserk rage {unknown}
 l - a potion of heal wounds {unknown}
 p - a potion of curing {unknown}
 s - a potion of magic {unknown}


   Skills:
 + Level 1.6 Fighting
 + Level 0.4 Long Blades
 - Level 2.3 Maces & Flails
 + Level 0.2 Throwing
 + Level 2.3 Dodging
 + Level 2.4 Stealth
 + Level 3.1 Spellcasting
 + Level 5.3 Conjurations


You had 10 spell levels left.
You knew the following spells:

 Your Spells              Type           Power      Damage    Failure   Level
a - Magic Dart            Conj           96%        1d7       1%          1

Your spell library contained the following spells:

 Spells                   Type           Power      Damage    Failure   Level
 Searing Ray              Conj           48%        3d5       2%          2
 Beastly Appendage        Tmut           6%         N/A       14%         1
 Dazzling Flash           Conj/Hex       26%        N/A       14%         3
 Wereblood                Tmut           3%         N/A       22%         2
 Spider Form              Tmut/Pois      1%         N/A       38%         3
 Fulminant Prism          Conj/Hex       6%         3d7       43%         4
 Iskenderun's Mystic Bla  Conj/Tloc      13%        2d5       43%         4


Dungeon Overview and Level Annotations

Branches:
Dungeon (5/15)             Temple (1/1) D:4

Altars:
Dithmenos
Elyvilon
Hepliaklqana
Makhleb
Okawaru
Qazlal
Trog
Uskayaw
Wu Jian
Xom
Yredelemnul
Zin
The Shining One


Innate Abilities, Weirdness & Mutations

Your plain brown scales are hard. (AC +6)
You cannot fit into any form of body armour.
You are cold-blooded and may be slowed by cold attacks.


Message History

The gnoll sergeant hits you with a +3 spear of flaming.
The gnoll sergeant burns you.
The gnoll sergeant hits you with a +3 spear of flaming.
The gnoll sergeant burns you.
You hit the gnoll sergeant. You freeze the gnoll sergeant.
The gnoll sergeant is lightly wounded.
The gnoll sergeant hits you but does no damage.
You barely miss the gnoll sergeant.
The gnoll sergeant is lightly wounded.
The gnoll sergeant closely misses you.
You hit the gnoll sergeant. You freeze the gnoll sergeant.
The gnoll sergeant is moderately wounded.
The gnoll sergeant misses you.
You hit the gnoll sergeant but do no damage.
You tail-slap the gnoll sergeant, but do no damage.
The gnoll sergeant is moderately wounded.
The gnoll sergeant hits you but does no damage.
The gnoll sergeant hits you with a +3 spear of flaming.
The gnoll sergeant burns you.
You hit the gnoll sergeant but do no damage.
The gnoll sergeant is moderately wounded.
The gnoll sergeant hits you with a +3 spear of flaming.
The gnoll sergeant burns you.
You barely miss the gnoll sergeant.
The gnoll sergeant is moderately wounded.
The gnoll sergeant hits you but does no damage.
You hit the gnoll sergeant. You freeze the gnoll sergeant.
The gnoll sergeant is heavily wounded.
The gnoll sergeant hits you with a +3 spear of flaming.
* * * LOW HITPOINT WARNING * * *
The gnoll sergeant burns you.
* * * LOW HITPOINT WARNING * * *
Unknown command.
You hit the gnoll sergeant. You freeze the gnoll sergeant.
The gnoll sergeant is heavily wounded.
The gnoll sergeant closely misses you.
You riposte.
You hit the gnoll sergeant. You freeze the gnoll sergeant.
The gnoll sergeant is severely wounded.
The gnoll sergeant hits you with a +3 spear of flaming!
You die...

..# #.# #.#
#.# #.# #.#
#<#
############.#
......g@.....#
.#############


You could see a gnoll sergeant.

Vanquished Creatures
  Jessica (D:2)
  2 orc wizards (D:4)
  A killer bee zombie (D:3)
  4 gnolls
  3 adders
  An adder skeleton (D:4)
  2 worms (D:2)
  5 dart slugs
  9 orcs
  9 bats
  7 endoplasms
  4 giant cockroaches
  4 goblins
  7 hobgoblins
  4 jackals (D:3)
  A kobold (D:1)
  6 quokkas
  11 ball pythons
  3 frilled lizards
  5 rats
89 creatures vanquished.

Vanquished Creatures (others)
  An orc wizard (D:4)
1 creature vanquished.

Grand Total: 90 creatures vanquished

Notes
Turn   | Place    | Note
-------+----------+-------------------------------------------
     0 | D:1      | ZARRMARR the Draconian Conjurer began the quest for the
                  | Orb.
     0 | D:1      | Reached XP level 1. HP: 14/14 MP: 3/3
   332 | D:1      | Reached XP level 2. HP: 7/20 MP: 1/5
  1018 | D:1      | Found a faded altar of an unknown god.
  1563 | D:2      | Reached XP level 3. HP: 27/27 MP: 3/6
  2580 | D:2      | Reached skill level 1 in Maces & Flails
  3024 | D:2      | Noticed Jessica
  3030 | D:2      | Killed Jessica
  3031 | D:2      | Reached XP level 4. HP: 32/34 MP: 0/7
  3260 | D:2      | Found an ornate altar of the Wu Jian Council.
  4272 | D:3      | Reached skill level 1 in Fighting
  4272 | D:3      | Reached XP level 5. HP: 11/40 MP: 5/8
  5042 | D:3      | Found an iron altar of Okawaru.
  5097 | D:3      | Reached skill level 5 in Conjurations
  6284 | D:4      | Reached XP level 6. HP: 34/47 MP: 10/10
  6588 | D:4      | Found a white marble altar of Elyvilon.
  6681 | D:4      | Found a basalt altar of Yredelemnul.
  6726 | D:4      | Found a staircase to the Ecumenical Temple.
  6909 | Temple   | Entered the Ecumenical Temple
  7128 | Temple   | Became a worshipper of Makhleb the Destroyer
  7181 | D:5      | Entered Level 5 of the Dungeon
  7204 | D:5      | Slain by a gnoll sergeant

Illustrated notes

Levels and vault maps discovered:
D:1:      dpeg_arrival_prison, layout_basic,
          shapermc_ecumenical_altar_mp_vishouse, minmay_bisected
D:2:      layout_loops_corners, basic_altar, uniq_jessica
D:3:      layout_rooms, nicolae_overflow_crystal_walls,
          chequers_serial_rivers_room_a
D:4:      layout_basic, kennysheep_ying_yang,
          minmay_temple_entry_enclosed_plants
D:5:      layout_loops_ring, mainiacjoe_overflow_tiny_flanked,
          mainiacjoe_overflow_cross_hatched
Temple:   zaba_magenta_temple

Skill      XL: |  1  2  3  4  5 |
---------------+----------------+-----
Dodging        | 2 |  2.3
Maces & Flails | 1 2 |  2.3
Stealth        | 2 |  2.4
Fighting       | 1 |  1.6
Conjurations   | 5 |  5.3
Spellcasting   | 3 |  3.1
Long Blades    | |  0.4
Throwing       | |  0.2

Action                   |  1- 3 |  4- 6 || total
-------------------------+-------+-------++-------
Melee: Whip              |    72 |    49 ||   121
       Unarmed           |     5 |       ||     5
       Tailslap          |     3 |     9 ||    12
       Falchion          |       |    53 ||    53
Throw: Stone             |     3 |     6 ||     9
 Cast: Magic Dart        |    77 |    84 ||   161
  Use: Scroll            |       |     6 ||     6
 Stab: Sleeping          |       |     1 ||     1
Armor: Skin              |    27 |    43 ||    70
Dodge: Dodged            |    63 |    61 ||   124
       Rpst.: Falchion   |       |     6 ||     6
